 Dungeon Crawl Stone Soup version 0.23-a0-350-g6fd5563 (webtiles) character file.

46979 Garbasso the Basher (level 14, -2/92 HPs)
             Began as a Gargoyle Earth Elementalist on Oct 20, 2018.
             Was an Elder of the Shining One.
             Slain by an ice dragon (9 damage)
             ... in an ice cave.
             The game lasted 00:55:02 (18271 turns).

Garbasso the Basher (Gargoyle Earth Elementalist)  Turns: 18271, Time: 00:55:02

Health: -2/92      AC: 31    Str: 27    XL:     14   Next: 39%
Magic:  19/21      EV:  8    Int: 17    God:    the Shining One [****..]
Gold:   1476       SH: 15    Dex: 16    Spells: 9/17 levels left

rFire    . . .     SeeInvis .   K - +1 morningstar
rCold    + . .     Gourm    .   g - +0 buckler
rNeg     + + +     Faith    .   L - +0 plate armour
rPois    ∞         Spirit   .   T - +0 helmet
rElec    +         Reflect  .   r - +1 cloak
rCorr    .         Harm     .   h - +0 pair of gloves
MR       +....                  (no boots)
Stlth    ..........             S - amulet of regeneration
HPRegen  0.65/turn              o - +6 ring of strength
MPRegen  0.17/turn              N - ring of the Sky {rC+ rN++ Dex+6}

@: mighty, divine shield, about to teleport, flying, glowing
A: big wings, negative energy resistance 1, electricity resistance, unbreathing,
petrification resistance, rot immunity, AC +10
a: Stop Flying, Divine Shield, Cleansing Flame, Renounce Religion


You were in an ice cave.
You worshipped the Shining One.
The Shining One was greatly pleased with you.
You were not hungry.

You visited 2 branches of the dungeon, and saw 19 of its levels.
You also visited: Ice Cave.

You collected 1476 gold pieces.

Inventory:

Hand Weapons
 K - a +1 morningstar (weapon)
Missiles
 b - 485 stones
 i - 18 tomahawks (quivered)
 B - 4 throwing nets
Armour
 g - a +0 buckler (worn)
 h - a +0 pair of gloves (worn)
 r - a +1 cloak (worn)
 L - a +0 plate armour (worn)
 T - a +0 helmet (worn)
Jewellery
 o - a +6 ring of strength (left hand)
 v - an uncursed ring of protection from magic
 E - an uncursed amulet of guardian spirit {unknown}
 N - the ring of the Sky (right hand) {rC+ rN++ Dex+6}
   (You took it off an orc on level 10 of the Dungeon)

   [ring of protection from cold]

   It affects your dexterity (+6).
   It protects you from cold.
   It greatly protects you from negative energy.
 S - an amulet of regeneration (around neck)
 X - an uncursed ring of wizardry
Wands
 w - a wand of polymorph (18)
 y - a wand of scattershot (5)
 z - a wand of digging (17)
 H - a wand of disintegration (32)
 M - a wand of flame (61)
 O - a wand of enslavement (9)
 P - a wand of paralysis (15)
 Q - a wand of iceblast (6)
Scrolls
 f - 8 scrolls of remove curse
 k - 10 scrolls of enchant armour
 m - 9 scrolls of identify
 s - a scroll of blinking
 t - 3 scrolls of enchant weapon
 A - 4 scrolls of amnesia
 F - a scroll of fear
 I - 3 scrolls of teleportation
 J - 2 scrolls of immolation
 W - 2 scrolls of fog
Potions
 a - a potion of ambrosia
 c - 8 potions of lignification
 e - 5 potions of resistance
 j - 2 potions of flight
 l - 3 potions of heal wounds
 n - 4 potions of brilliance
 q - 3 potions of magic
 u - 5 potions of mutation
 x - 4 potions of invisibility
 C - a potion of cancellation
 G - a potion of berserk rage
 R - 6 potions of curing
Comestibles
 d - 42 rations
 p - 4 chunks of flesh


   Skills:
 + Level 12.2 Fighting
 * Level 14.6 Maces & Flails
 + Level 11.9 Armour
 - Level 1.5 Dodging
 - Level 2.1 Stealth
 - Level 4.0 Shields
 - Level 2.0 Spellcasting
 - Level 0.7 Transmutations
 - Level 8.3 Earth Magic
 + Level 10.0 Invocations


You had 9 spell levels left.
You knew the following spells:

 Your Spells              Type           Power        Failure   Level  Hunger
a - Sandblast             Erth           ####..       4%          1    #......
b - Lee's Rapid Deconstr  Erth           ####......   80%         5    ######.
c - Passwall              Tmut/Erth      ###.....     34%         2    ###....

Your spell library contained the following spells:

 Spells                   Type           Power        Failure   Level  Hunger
 Stone Arrow              Conj/Erth      ###...       63%         3    ###....
 Flame Tongue             Conj/Fire      #....        83%         1    #......
 Infusion                 Chrm           #...         83%         1    #......
 Shock                    Conj/Air       #...         83%         1    #......
 Shroud of Golubria       Chrm/Tloc      #.........   92%         2    ###....
 Song of Slaying          Chrm           #.......     92%         2    ###....
 Swiftness                Chrm/Air       #.......     92%         2    ###....
 Throw Flame              Conj/Fire      #.....       92%         2    ###....
 Petrify                  Tmut/Erth      ###.....     93%         4    #####..
 Conjure Flame            Conj/Fire      #.......     99%         3    ###....
 Inner Flame              Hex/Fire       #.......     99%         3    ###....
 Regeneration             Chrm/Necr      #.........   99%         3    ###....
 Spectral Weapon          Hex/Chrm       #.......     99%         3    ###....
 Static Discharge         Conj/Air       #.......     99%         3    ###....
 Airstrike                Air            #.........   100%        4    #####..
 Sticky Flame             Conj/Fire      #.......     100%        4    #####..
 Fireball                 Conj/Fire      #.........   100%        5    ######.
 Lightning Bolt           Conj/Air       #.........   100%        5    ######.


Dungeon Overview and Level Annotations

Branches:
Dungeon (13/15)            Temple (0/1) D:7            Lair (6/6) D:10
  Swamp (0/4) Lair:4        Snake (0/4) Lair:3          Orc (0/2) D:12
  Slime: Lair:5-6    Vaults: D:13-14

Altars:
Fedhas
Makhleb
Nemelex Xobeh
Ru
The Shining One

Shops:
D:5 [   D:8 :

Annotations:
D:12 2 runed doors
Lair:6 exclusion: 2 oklob plants


Innate Abilities, Weirdness & Mutations

You are resistant to torment.
Your stone body is resilient. (AC +10)
You are immune to poison.
Your large and strong wings let you fly indefinitely.
You resist negative energy. (rN+)
You are resistant to electric shocks. (rElec)
You can survive without breathing.
You are immune to petrification.
You are immune to rotting.


Message History

You are engulfed in freezing vapours.
You resist. You block the ice dragon's attack. x2
The ice dragon tramples you but does no damage.
The ice dragon breathes frost at you.
The blast of cold hits the ice dragon.
The ice dragon resists.
The blast of cold hits you! You resist.
* * * LOW HITPOINT WARNING * * *
You puncture the ice dragon!
The ice dragon is almost dead.
You are engulfed in freezing vapours.
You resist.
* * * LOW HITPOINT WARNING * * *
The ice dragon breathes frost at you. The blast of cold hits you! You resist.
* * * LOW HITPOINT WARNING * * *
Okay, then.
As you read the scroll of teleportation, it crumbles to dust.
You feel strangely unstable.
You are engulfed in freezing vapours.
You resist.
* * * LOW HITPOINT WARNING * * *
You block the ice dragon's attack. x2; The ice dragon tramples you!
You die...

###..## ##
#.##..#
##≈##....##
#≈≈≈#..###
###≈≈#.#####
#≈≈≈≈≈≈≈§≈≈##≈
##≈≈≈≈≈§≈≈≈≈≈≈≈
##≈≈§§≈≈≈≈≈≈≈≈
#.#@#########
#.D##$$$$$
##.$.$..$$
#$.$=....$
##=$......
###......
##.... ###.


You could see an ice dragon.

Vanquished Creatures
  Gastronok (Lair:3)
  Fannar (Lair:2)
  11 hydras
  A catoblepas (Lair:3)
  A two-headed ogre (D:10)
  2 deep elf magi
  3 cyclopes
  2 manticores (D:13)
  3 black mambas
  2 ice statues (IceCv)
  4 komodo dragons
  8 spiny frogs
  4 rime drakes
  A centaur skeleton (D:13)
  A troll (D:12)
  A queen bee (D:10)
  4 polar bears (Lair:6)
  6 hornets (Lair:6)
  11 hippogriffs
  5 blink frogs
  A dream sheep (Lair:6)
  14 spriggans
  A basilisk (Lair:6)
  2 wyverns
  15 yaks
  3 vampire mosquitoes (D:12)
  A steam dragon (D:9)
  10 porcupines
  An acid dragon (D:12)
  8 water moccasins
  Duvessa (D:7)
  2 sky beasts
  2 black bears
  2 phantoms
  4 orc warriors (D:12)
  3 necrophages
  A swamp drake (Lair:3)
  21 ice beasts
  6 ogres
  4 boggarts (Lair:6)
  6 centaurs
  50 wolves
  11 crocodiles
  20 bullfrogs
  Dowan (D:7)
  4 scorpions
  A water moccasin skeleton (D:7)
  23 killer bees
  5 wights (D:8)
  3 electric eels (Lair:6)
  8 crimson imps
  A bullfrog zombie (D:10)
  A quasit (D:11)
  7 jellies
  9 orc priests
  10 hounds
  10 orc wizards
  Jessica (D:1)
  Natasha (thrice) (D:2)
  2 iguanas
  15 worker ants
  A hound zombie (D:8)
  A hound skeleton (D:4)
  9 adders
  3 shadow imps (D:10)
  An ooze (D:3)
  An adder skeleton (D:4)
  An adder zombie (D:6)
  3 worms
  5 dart slugs
  6 leopard geckos
  58 orcs
  A ball python (D:4)
  4 bats
  4 giant cockroaches
  8 goblins
  4 hobgoblins
  5 jackals
  3 quokkas
  5 frilled lizards
  6 kobolds
  A quokka skeleton (D:5)
  13 rats
  2 fungi (Lair:4)
510 creatures vanquished.

Vanquished Creatures (others)
  A crocodile (Lair:4)
  5 bushes (D:9)
  54 fungi
  23 plants
83 creatures vanquished.

Grand Total: 593 creatures vanquished

Notes
Turn   | Place    | Note
-------+----------+-------------------------------------------
     0 | D:1      | Garbasso the Gargoyle Earth Elementalist began the quest
                  | for the Orb.
     0 | D:1      | Reached XP level 1. HP: 10/10 MP: 3/3
   203 | D:1      | Reached skill level 1 in Fighting
   251 | D:1      | Reached XP level 2. HP: 13/16 MP: 3/5
   622 | D:1      | Reached skill level 1 in Armour
   788 | D:1      | Reached XP level 3. HP: 21/21 MP: 6/6
   879 | D:1      | Found a glowing golden altar of the Shining One.
   887 | D:1      | Became a worshipper of the Shining One
   995 | D:2      | Noticed Jessica
  1020 | D:1      | Killed Jessica
  1020 | D:1      | Reached XP level 4. HP: 5/27 MP: 0/7
  1338 | D:2      | Noticed Natasha
  1346 | D:2      | Killed Natasha
  1377 | D:2      | Noticed Natasha
  1393 | D:2      | Killed Natasha
  1393 | D:2      | Reached XP level 5. HP: 23/32 MP: 4/8
  1432 | D:2      | Noticed Natasha
  1446 | D:2      | Killed Natasha
  1798 | D:2      | Found a sacrificial altar of Ru.
  1806 | D:2      | Reached skill level 1 in Shields
  2095 | D:2      | Learned a level 5 spell: Lee's Rapid Deconstruction
  2146 | D:3      | Found a burning altar of Makhleb.
  2146 | D:3      | Reached * piety under the Shining One
  2151 | D:3      | Reached XP level 6. HP: 29/38 MP: 9/9
  2156 | D:3      | Reached skill level 1 in Maces & Flails
  2906 | D:4      | Noticed a phantom
  2930 | D:4      | Killed a phantom
  2930 | D:4      | Reached skill level 2 in Maces & Flails
  2930 | D:4      | Reached skill level 5 in Earth Magic
  2983 | D:4      | Reached XP level 7. HP: 8/44 MP: 6/10
  3528 | D:5      | Entered Level 5 of the Dungeon
  3535 | D:5      | Reached skill level 3 in Maces & Flails
  3827 | D:5      | Found Ysum's Antique Armour Emporium.
  3964 | D:5      | Reached skill level 5 in Fighting
  3964 | D:5      | Reached XP level 8. HP: 49/49 MP: 11/11
  4146 | D:5      | Reached skill level 4 in Maces & Flails
  4462 | D:5      | Reached ** piety under the Shining One
  4998 | D:6      | Found a sparkling altar of Nemelex Xobeh.
  5056 | D:6      | Reached skill level 5 in Maces & Flails
  5114 | D:6      | Reached skill level 5 in Armour
  5116 | D:6      | Reached XP level 9. HP: 55/55 MP: 12/12
  5443 | D:6      | Learned a level 2 spell: Passwall
  5552 | D:7      | Reached skill level 6 in Maces & Flails
  5832 | D:7      | Noticed Duvessa
  5832 | D:7      | Noticed Dowan
  5841 | D:7      | Killed Duvessa
  5844 | D:7      | Killed Dowan
  6016 | D:7      | Found a staircase to the Ecumenical Temple.
  6523 | D:8      | Found Ronoiman's Book Shop.
  7140 | D:9      | Reached *** piety under the Shining One
  7140 | D:9      | Noticed a deep elf mage
  7256 | D:9      | Killed a deep elf mage
  7256 | D:9      | Reached skill level 7 in Maces & Flails
  7397 | D:9      | Found a blossoming altar of Fedhas.
  7413 | D:9      | Noticed a two-headed ogre
  7632 | D:9      | Reached XP level 10. HP: 57/63 MP: 13/13
  7902 | D:9      | Reached skill level 8 in Maces & Flails
  8238 | D:10     | Entered Level 10 of the Dungeon
  8499 | D:10     | Noticed a two-headed ogre
  8512 | D:10     | Killed a two-headed ogre
  8512 | D:10     | Reached skill level 1 in Invocations
  8790 | D:10     | Reached skill level 9 in Maces & Flails
  9303 | D:10     | Identified the ring of the Sky {rC+ rN++ Dex+6}
  9317 | D:10     | Found a staircase to the Lair.
  9341 | D:10     | Noticed a deep elf mage
  9358 | D:10     | Killed a deep elf mage
  9358 | D:10     | Reached XP level 11. HP: 69/69 MP: 14/14
  9448 | D:10     | Reached **** piety under the Shining One
  9713 | Lair:1   | Entered Level 1 of the Lair of Beasts
  9766 | D:10     | Reached skill level 10 in Maces & Flails
 10452 | Lair:1   | Reached skill level 5 in Invocations
 11001 | Lair:2   | Noticed a seven-headed hydra
 11010 | Lair:2   | Killed a seven-headed hydra
 11049 | Lair:2   | Noticed Fannar
 11078 | Lair:2   | Killed Fannar
 11078 | Lair:2   | Reached skill level 11 in Maces & Flails
 11266 | Lair:2   | Got a fine hand crossbow
 11267 | Lair:2   | Identified the +3 hand crossbow "Jellybane" {elec, MP+9
                  | SInv} (You found it on level 2 of the Lair of Beasts)
 11292 | Lair:2   | Reached XP level 12. HP: 70/77 MP: 16/16
 11751 | Lair:3   | Noticed a six-headed hydra
 11762 | Lair:3   | Killed a six-headed hydra
 11894 | Lair:3   | Noticed a catoblepas
 11909 | Lair:3   | Killed a catoblepas
 11909 | Lair:3   | Reached skill level 10 in Fighting
 12161 | Lair:3   | Noticed Gastronok
 12186 | Lair:3   | Killed Gastronok
 12423 | Lair:3   | Found a staircase to the Snake Pit.
 12745 | Lair:4   | Reached skill level 12 in Maces & Flails
 12844 | Lair:4   | Found a staircase to the Swamp.
 12845 | Lair:4   | Noticed a five-headed hydra
 12860 | Lair:4   | Noticed a five-headed hydra
 12868 | Lair:4   | Killed a five-headed hydra
 12868 | Lair:4   | Reached skill level 10 in Armour
 12890 | Lair:3   | Killed a five-headed hydra
 12995 | Lair:4   | Noticed a four-headed hydra
 13005 | Lair:4   | Killed a four-headed hydra
 13094 | Lair:4   | Reached XP level 13. HP: 68/83 MP: 10/18
 13854 | Lair:5   | Reached skill level 13 in Maces & Flails
 14329 | Lair:6   | Entered Level 6 of the Lair of Beasts
 16156 | Lair:6   | Reached skill level 14 in Maces & Flails
 16561 | D:11     | Gained mutation: Your large and strong wings let you fly
                  | indefinitely. [Gargoyle growth]
 16561 | D:11     | Reached XP level 14. HP: 77/91 MP: 21/21
 17077 | D:12     | Found a staircase to the Orcish Mines.
 17310 | D:12     | Found a runed door.
 17311 | D:12     | Found the +2 shield of Resistance {rF+ rC+ MR+}
 17333 | D:12     | Found a runed door.
 17964 | D:13     | Found a frozen archway.
 18032 | IceCv    | Entered an ice cave
 18099 | IceCv    | Reached skill level 10 in Invocations
 18271 | IceCv    | Slain by an ice dragon

Vault maps used:
D:1:      tarquinn_simple_flora_water_b, serial_glass, glass_columns_b,
          glass_columns_c, glass_columns_c, glass_columns_a, glass_columns_c,
          glass_columns_a, glass_columns_b, glass_columns_a, glass_columns_b,
          glass_columns_b, glass_columns_c, glass_columns_a, glass_columns_c,
          glass_columns_a, tso_altar
D:2:      nicolae_ru_great_annihilating_truth, uniq_natasha, uniq_jessica
D:3:      makhleb_blood_cavern_becter
D:4:      first_ration, corexii_leaking_fountain
D:5:      serial_shops, shop
D:6:      wad_pebble_path, nemelex_spade_bored_becter
D:7:      minmay_temple_entry_statues_pillars, uniq_duvessa
D:8:      serial_shops, shop
D:9:      fedhas_altar_decomposition
D:10:     due_lair_maze_entry_diamond, david_nohive_1
D:12:     hiddenorc2_lemuel, minmay_guarded_unrand_resistance
D:13:     david_vaults_4, portal_ice_cave_entry_ice_beasts, grunt_ministairs_4,
          minivault_25, statue_in_the_mist_lemuel, minmay_misc_feat_tower,
          uniq_urug
Lair:2:   uniq_fannar
Lair:3:   dummy_snake_entry, uniq_gastronok
Lair:4:   minmay_swamp_entry_reptiles, grunt_forest_large_clearings
Lair:5:   minivault_11, grunt_megastairs_1
Lair:6:   minmay_lair_end_enchanted_forest, minmay_slime_entry_oklob_enclosed,
          eino_small_chamber_without_monster, grunt_megastairs_5,
          serial_bayou_shore_a, serial_bayou_shore_b
IceCv:    ice_cave_small_dragons

Skill      XL: |  1  2  3  4  5  6  7  8  9 10 11 12 13 14 |
---------------+-------------------------------------------+-----
Fighting       | 1 2 3 4 5 7 8 9 10 11 12 | 12.2
Armour         | 1 2 3 5 6 7 9 10 11 | 11.9
Earth Magic    | 4 5 6 8 |  8.3
Shields        | 1 2 3 4 |  4.0
Maces & Flails | 2 3 5 7 9 11 12 14 | 14.6
Invocations    | 3 5 7 9 10 | 10.0
Dodging        | |  1.5
Stealth        | |  2.1
Spellcasting   | |  2.0
Transmutations | |  0.7

Action                   |  1- 3 |  4- 6 |  7- 9 | 10-12 | 13-15 || total
-------------------------+-------+-------+-------+-------+-------++-------
Melee: Unarmed           |    15 |       |       |       |       ||    15
       Short sword       |     8 |       |       |       |       ||     8
       Hand axe          |    47 |   114 |    31 |       |       ||   192
       Morningstar       |       |       |   235 |   597 |   800 ||  1632
Throw: Stone             |       |     1 |       |       |       ||     1
       Tomahawk          |       |       |     2 |     2 |     9 ||    13
 Cast: Sandblast         |    13 |    25 |    42 |     8 |     4 ||    92
Invok: Divine Shield     |       |       |       |     7 |     4 ||    11
       Cleansing Flame   |       |       |       |     1 |     3 ||     4
 Abil: Fly               |       |       |       |       |     1 ||     1
Evoke: Wand              |       |       |       |    11 |       ||    11
  Use: Scroll            |       |       |    24 |     6 |     4 ||    34
       Potion            |       |       |       |     2 |     1 ||     3
 Stab: Sleeping          |     1 |       |       |       |       ||     1
  Eat: Chunk             |       |     8 |     8 |    19 |    19 ||    54
       Ration            |       |       |     2 |       |       ||     2
Armor: Robe              |     6 |       |       |       |       ||     6
       Ring mail         |    19 |    53 |       |       |       ||    72
       Scale mail        |       |    17 |   145 |       |       ||   162
       Chain mail        |       |       |    82 |    47 |       ||   129
       Plate armour      |       |       |       |   574 |   790 ||  1364
Dodge: Dodged            |    39 |    77 |   148 |   218 |   328 ||   810
Block: Buckler           |     5 |    19 |    56 |   227 |   214 ||   521

Table legend:
 A = Non-vault XP
 B = Vault XP
 C = Vault XP percentage of total XP
 D = Non-vault monster count
 E = Vault monster count
 F = Vault count percentage of total count
                 A         B        C        D         E       F
            +---------+---------+-------+---------+---------+-------
      Total |   43429 |   23684 |  35.3 |     337 |     172 |  33.8
            +---------+---------+-------+---------+---------+-------
        D:1 |      51 |      37 |  42.0 |      24 |       1 |   4.0
        D:2 |     122 |      83 |  40.5 |      18 |       5 |  21.7
        D:3 |      71 |      43 |  37.7 |      15 |       1 |   6.2
        D:4 |     495 |       0 |   0.0 |      18 |       0 |   0.0
        D:5 |     665 |       0 |   0.0 |      19 |       0 |   0.0
        D:6 |    1243 |       0 |   0.0 |      37 |       0 |   0.0
        D:7 |     202 |     226 |  52.8 |      12 |       2 |  14.3
        D:8 |     556 |       0 |   0.0 |      13 |       0 |   0.0
        D:9 |    1926 |     271 |  12.3 |      18 |       2 |  10.0
       D:10 |    3730 |    2277 |  37.9 |      28 |      25 |  47.2
       D:11 |    3477 |       0 |   0.0 |      22 |       0 |   0.0
       D:12 |    3375 |     667 |  16.5 |      22 |      32 |  59.3
       D:13 |    1518 |    1053 |  41.0 |       6 |       8 |  57.1
     Lair:1 |    3084 |       0 |   0.0 |      17 |       0 |   0.0
     Lair:2 |    2991 |     996 |  25.0 |      10 |       1 |   9.1
     Lair:3 |    5031 |    2216 |  30.6 |      12 |       2 |  14.3
     Lair:4 |    5307 |    3322 |  38.5 |      14 |      29 |  67.4
     Lair:5 |    3495 |     229 |   6.1 |      11 |       1 |   8.3
     Lair:6 |    6090 |    9161 |  60.1 |      21 |      48 |  69.6
      IceCv |       0 |    3103 | 100.0 |       0 |      15 | 100.0
            +---------+---------+-------+---------+---------+-------
